 Dungeon Crawl Stone Soup version 0.23.0-2-g0fe3ce5 (webtiles) character file.

Game seed: 5373609953281446050

42 redwoodhats the Charlatan (level 3, -1/26 HPs)
             Began as a Demonspawn Artificer on Feb 19, 2019.
             Slain by a worm (9 damage)
             ... on level 2 of the Dungeon.
             The game lasted 00:06:41 (1693 turns).

redwoodhats the Charlatan (Demonspawn Artificer)    Turns: 1693, Time: 00:06:41

Health: -1/26      AC: 10    Str: 13    XL:     3   Next: 35%
Magic:  5/5        EV: 12    Int: 12    God:
Gold:   76         SH:  0    Dex: 13    Spells: 2/2 levels left

rFire    . . .     SeeInvis .   a - +0 short sword
rCold    . . .     Gourm    .   (no shield)
rNeg     + . .     Faith    .   b - +0 leather armour
rPois    .         Spirit   .   (no helmet)
rElec    .         Reflect  .   l - +0 cloak
rCorr    .         Harm     .   (no gloves)
MR       .....                  (no boots)
Stlth    +.........             (no amulet)
HPRegen  0.08/turn              g - ring of positive energy
MPRegen  0.09/turn              (no ring)

@: sanguine armour
A: demonic guardian 1, sanguine armour 1
a: no special abilities


You were on level 2 of the Dungeon.
You were not hungry.

You visited 1 branch of the dungeon, and saw 2 of its levels.

You collected 76 gold pieces.

Inventory:

Hand Weapons
 a - a +0 short sword (weapon)
Armour
 b - a +0 leather armour (worn)
 l - a +0 cloak (worn)
Jewellery
 g - a ring of positive energy (left hand)
Wands
 c - a wand of flame (11)
 d - a wand of enslavement (15)
 e - a wand of random effects (14)
Scrolls
 f - a scroll of random uselessness {unknown}
 h - a scroll of identify


   Skills:
 + Level 1.1 Fighting
 + Level 1.0 Short Blades
 + Level 1.1 Armour
 + Level 2.1 Dodging
 + Level 0.9 Stealth
 + Level 3.7 Evocations


You had 2 spell levels left.
You didn't know any spells.
Your spell library was empty.

Dungeon Overview and Level Annotations

Branches:
Dungeon (2/15)

Altars:
Elyvilon


Innate Abilities, Weirdness & Mutations

A weak demonic guardian rushes to your aid.
When seriously injured, your bleeding wounds create armour. (AC +6)


Message History

You hit the worm but do no damage.
The worm is severely wounded.
The worm bites you.
Your blood congeals into armour.
You barely miss the worm.
The worm is severely wounded.
You hit the worm.
The worm is severely wounded.
The worm bites you.
You hit the worm.
The worm is severely wounded.
The worm barely misses you.
You barely miss the worm.
The worm is severely wounded.
You hit the worm but do no damage.
The worm is severely wounded.
The worm bites you.
You hit the worm.
The worm is almost dead.
The worm bites you!
You die...

###########
#.............
#.............
#.............
#....#########
#......######
...###...)....... #
.................
#..########..........
#%...@w..............
#..#######...........
# #######...........
........########..
######.....####.. ##
.....'...........
####.....####..
#.....# #.....#


You could see a worm.

Vanquished Creatures
  An adder (D:2)
  2 oozes
  A leopard gecko (D:2)
  A giant cockroach (D:1)
  3 goblins (D:1)
  A hobgoblin (D:1)
  2 jackals (D:1)
  A ball python (D:1)
  3 bats
  4 frilled lizards
  3 kobolds
  5 rats (D:1)
27 creatures vanquished.

Notes
Turn   | Place    | Note
-------+----------+-------------------------------------------
     0 | D:1      | redwoodhats the Demonspawn Artificer began the quest for
                  | the Orb.
     0 | D:1      | Reached XP level 1. HP: 15/15 MP: 3/3
   404 | D:1      | Gained mutation: When seriously injured, your bleeding
                  | wounds create armour. (AC +6) [demonic ancestry]
   404 | D:1      | Reached XP level 2. HP: 21/21 MP: 4/4
   933 | D:1      | Reached skill level 1 in Armour
  1254 | D:2      | Found a white marble altar of Elyvilon.
  1349 | D:2      | Gained mutation: A weak demonic guardian rushes to your
                  | aid. [demonic ancestry]
  1349 | D:2      | Reached XP level 3. HP: 26/26 MP: 5/5
  1371 | D:2      | Reached skill level 1 in Short Blades
  1693 | D:2      | Slain by a worm

Skill      XL: |  1  2  3 |
---------------+----------+-----
Dodging        | 2 |  2.1
Armour         | 1 |  1.1
Short Blades   | 1 |  1.0
Fighting       | |  1.1
Stealth        | |  0.9
Evocations     | |  3.7

Action                   || total
-------------------------++-------
Melee: Short sword       ||   132
Evoke: Wand              ||     5
  Use: Scroll            ||     2
       Potion            ||     2
  Eat: Ration            ||     1
Armor: Leather armour    ||    40
Dodge: Dodged            ||   100
